 Dungeon Crawl Stone Soup version 0.22.1-1-ga44c0e56f4 (webtiles) character file.

1296 Lisan the Cudgeler (level 8, 0/50 HPs)
             Began as a Gargoyle Fighter on Oct 4, 2018.
             Killed from afar by an orc wizard (9 damage)
             ... with a puff of flame
             ... on level 6 of the Dungeon.
             The game lasted 00:20:55 (4440 turns).

Lisan the Cudgeler (Gargoyle Fighter)               Turns: 4440, Time: 00:20:56

Health: 0/50       AC: 15    Str: 28    XL:     8   Next: 56%
Magic:  8/8        EV:  9    Int:  8    God:
Gold:   227        SH: 11    Dex:  9    Spells: 7/7 levels left

rFire    . . .     SeeInvis .   a - +0 flail
rCold    . . .     Gourm    .   c - +0 shield
rNeg     + . .     Faith    .   b - +0 scale mail
rPois    ∞         Spirit   .   r - +0 helmet
rElec    +         Reflect  .   (no cloak)
rCorr    .         Harm     .   (no gloves)
MR       .....                  g - +0 pair of boots
Stlth    ..........             (no amulet)
HPRegen  0.16/turn              o - +3 ring of slaying
MPRegen  0.11/turn              t - ring of flight

@: mighty
A: negative energy resistance 1, electricity resistance, unbreathing,
petrification resistance, rot immunity, AC +5
a: Evoke Flight


You were on level 6 of the Dungeon.
You were not hungry.

You visited 1 branch of the dungeon, and saw 6 of its levels.

You collected 227 gold pieces.

Inventory:

Hand Weapons
 a - a +0 flail (weapon)
 D - a +2 war axe of electrocution
Missiles
 p - 73 arrows (quivered)
Armour
 b - a +0 scale mail (worn)
 c - a +0 shield (worn)
 g - a +0 pair of boots (worn)
 m - a +0 robe
 r - a +0 helmet (worn)
 A - a cursed +0 leather armour
 E - a +0 scale mail of fire resistance
Magical Staves
 y - a cursed staff of death {unknown}
Jewellery
 e - an uncursed ring of protection from cold {unknown}
 o - a +3 ring of slaying (left hand)
 t - a ring of flight (right hand)
 B - an uncursed ring of stealth {unknown}
Wands
 x - a wand of digging (11)
Scrolls
 i - 3 scrolls of teleportation
 q - a scroll of fog {unknown}
 s - a scroll of noise {unknown}
 u - a scroll of enchant armour {unknown}
 v - 2 scrolls of immolation {unknown}
 w - a scroll of magic mapping {unknown}
 F - a scroll of enchant weapon {unknown}
 G - a scroll of fear {unknown}
Potions
 d - 2 potions of might
 h - 3 potions of lignification
 j - a potion of resistance
 k - 2 potions of cancellation {unknown}
 l - 2 potions of heal wounds {unknown}
 n - 2 potions of ambrosia {unknown}
 z - a potion of curing {unknown}
Comestibles
 f - 9 rations
 C - a chunk of flesh


   Skills:
 + Level 5.4 Fighting
 + Level 6.5 Maces & Flails
 + Level 5.0 Armour
 + Level 2.6 Dodging
 + Level 0.9 Stealth
 + Level 5.9 Shields


You had 7 spell levels left.
You didn't know any spells.
Your spell library contained the following spells:

 Spells                   Type           Power        Failure   Level  Hunger
 Magic Dart               Conj           #...         96%         1    ##.....
 Summon Small Mammal      Summ           #...         96%         1    ##.....
 Call Imp                 Summ           #.......     99%         2    ###....
 Searing Ray              Conj           #.....       99%         2    ###....
 Call Canine Familiar     Summ           #.......     100%        3    ####...
 Dazzling Spray           Conj/Hex       #.....       100%        3    ####...
 Summon Guardian Golem    Hex/Summ       #.......     100%        3    ####...
 Force Lance              Conj/Tloc      #.......     100%        4    #####..
 Fulminant Prism          Conj/Hex       #.........   100%        4    #####..
 Iskenderun's Mystic Bla  Conj           #.......     100%        4    #####..
 Summon Ice Beast         Ice/Summ       #.......     100%        4    #####..
 Summon Lightning Spire   Summ/Air       #.......     100%        4    #####..


Dungeon Overview and Level Annotations

Branches:
Dungeon (6/15)
 Temple: D:4-7

Altars:
Fedhas
Gozag
Okawaru
Vehumet
Xom
The Shining One

Shops:
D:6 [

Annotations:
D:2 2 transporters


Innate Abilities, Weirdness & Mutations

You are resistant to torment.
Your stone body is resilient. (AC +5)
You are immune to poison.
You resist negative energy. (rN+)
You are resistant to electric shocks. (rElec)
You can survive without breathing.
You are immune to petrification.
You are immune to rotting.


Message History

Something hits you but does no damage.
You miss something. Something hits you.
* * * LOW HITPOINT WARNING * * *
You barely miss something.
Something hits you but does no damage. x2
You closely miss something. You block something's attack.
You hear some strange, mumbled words.
A puff of frost appears from out of thin air!
The puff of frost hits you!
* * * LOW HITPOINT WARNING * * *
You sock something! Something hits you but does no damage.
You hear some strange, mumbled words.
A puff of frost appears from out of thin air!
You block the puff of frost.
You miss something. You block something's attack.
Something hits you but does no damage.
You closely miss something.
You hear some strange, mumbled words.
A puff of flame appears from out of thin air!
The puff of flame hits you!
You die...

## . . ##
#. .##
#.###..##
...#...
#.###{#.#.#
#.....@∩..#
#####<#.###
###.# ..
###


There were no monsters in sight!

Vanquished Creatures
  A sky beast (D:5)
  2 ogres (D:6)
  A centaur (D:5)
  Blork the orc (D:4)
  3 bullfrogs
  A scorpion (D:5)
  2 hounds
  A gnoll shaman (D:5)
  An orc priest (D:6)
  4 orc wizards
  A bullfrog skeleton (D:5)
  2 iguanas (D:5)
  3 worker ants
  A worker ant zombie (D:5)
  9 adders
  5 gnolls (D:5)
  A shadow imp (D:5)
  An ooze (D:1)
  4 worms
  2 dart slugs
  2 leopard geckos
  17 orcs
  4 giant cockroaches
  5 hobgoblins
  7 jackals
  7 kobolds
  4 quokkas
  A ball python skeleton (D:5)
  7 bats
  6 frilled lizards
  8 goblins
  A leopard gecko skeleton (D:4)
  4 rats
119 creatures vanquished.

Notes
Turn   | Place    | Note
-------+----------+-------------------------------------------
     0 | D:1      | Lisan the Gargoyle Fighter began the quest for the Orb.
     0 | D:1      | Reached XP level 1. HP: 14/14 MP: 1/1
   369 | D:1      | Reached XP level 2. HP: 16/19 MP: 2/2
   532 | D:1      | Reached XP level 3. HP: 23/23 MP: 3/3
  1170 | D:2      | Reached XP level 4. HP: 28/28 MP: 4/4
  1181 | D:2      | Found a transporter.
  1224 | D:2      | Found a transporter.
  1234 | D:2      | Found a glowing golden altar of the Shining One.
  1265 | D:2      | Reached skill level 3 in Maces & Flails
  1813 | D:2      | Found a shimmering altar of Xom.
  1813 | D:2      | Found an iron altar of Okawaru.
  1817 | D:2      | Found a radiant altar of Vehumet.
  1878 | D:3      | Reached skill level 1 in Dodging
  1896 | D:3      | Noticed a bullfrog
  1902 | D:3      | Killed a bullfrog
  1902 | D:3      | Reached XP level 5. HP: 28/33 MP: 5/5
  2059 | D:3      | Found an opulent altar of Gozag.
  2507 | D:4      | Reached skill level 4 in Maces & Flails
  2507 | D:4      | Reached XP level 6. HP: 38/38 MP: 6/6
  2684 | D:4      | Noticed Blork the orc
  2697 | D:4      | Killed Blork the orc
  2697 | D:4      | Reached XP level 7. HP: 42/43 MP: 7/7
  3043 | D:5      | Entered Level 5 of the Dungeon
  3122 | D:5      | Reached skill level 5 in Maces & Flails
  3742 | D:5      | Reached skill level 5 in Shields
  3849 | D:5      | Reached skill level 5 in Fighting
  3950 | D:5      | Reached XP level 8. HP: 49/49 MP: 8/8
  3972 | D:5      | Found a blossoming altar of Fedhas.
  4406 | D:6      | Found Osune's Armour Boutique.
  4420 | D:6      | Reached skill level 6 in Maces & Flails
  4425 | D:6      | Reached skill level 5 in Armour
  4440 | D:6      | Killed from afar by an orc wizard

Skill      XL: |  1  2  3  4  5  6  7  8 |
---------------+-------------------------+-----
Maces & Flails | 3 4 5 6 |  6.5
Shields        | 4 5 |  5.9
Dodging        | 1 2 |  2.6
Armour         | 4 5 |  5.0
Fighting       | 4 5 |  5.4
Stealth        | |  0.9

Action                   |  1- 3 |  4- 6 |  7- 9 || total
-------------------------+-------+-------+-------++-------
Melee: Flail             |   128 |   146 |   146 ||   420
  Use: Scroll            |     2 |     1 |     3 ||     6
       Potion            |       |       |     1 ||     1
  Eat: Chunk             |     1 |     2 |     2 ||     5
       Ration            |       |     1 |     1 ||     2
Armor: Scale mail        |    85 |    61 |   111 ||   257
Dodge: Dodged            |    37 |    46 |    70 ||   153
Block: Shield            |    79 |    74 |   120 ||   273
